 Dungeon Crawl Stone Soup version 0.21-a0-29-g43b3074 (webtiles) character file.

4270 nikopol the Thaumaturge (level 10, -2/52 HPs)
             Began as a Deep Elf Fire Elementalist on May 26, 2017.
             Was a Follower of Vehumet.
             Shot with an arrow by a centaur (11 damage)
             ... on level 8 of the Dungeon.
             The game lasted 00:59:10 (10382 turns).

nikopol the Thaumaturge (DEFE)                     Turns: 10382, Time: 00:59:11

Health: -2/52      AC:  4    Str:  5    XL:     10   Next: 10%
Magic:  21/26      EV: 14    Int: 24    God:    Vehumet [*.....]
Gold:   511        SH:  5    Dex: 15    Spells: 15/29 levels left

rFire    . . .     SeeInvis +   E - +3 dagger (flame)
rCold    + . .     Gourm    .   t - +0 buckler (curse)
rNeg     . . .     Faith    .   a - +0 robe
rPois    .         Spirit   .   (no helmet)
rElec    .         Reflect  .   I - +0 cloak
rCorr    .         Harm     .   m - +0 pair of gloves
MR       +....                  (no boots)
Stlth    ++........             (no amulet)
Regen    0.2/turn               e - ring of see invisible
MPRegen  0.2/turn               r - ring of protection from cold

@: no status effects
A: no striking features
a: Renounce Religion


You were on level 8 of the Dungeon.
You worshipped Vehumet.
Vehumet was aware of your devotion.
You were not hungry.

You visited 2 branches of the dungeon, and saw 9 of its levels.
You also visited: Ossuary.

You collected 511 gold pieces.

Inventory:

Hand Weapons
 q - a +0 dagger
 E - a +3 dagger of flaming (weapon)
Armour
 a - a +0 robe (worn)
 m - a +0 pair of gloves (worn)
 t - a cursed +0 buckler (worn)
 I - a +0 cloak (worn)
 O - a cursed -2 leather armour
Jewellery
 e - a ring of see invisible (left hand)
 j - an uncursed ring of flight
 r - a ring of protection from cold (right hand)
 C - an uncursed ring of positive energy
Wands
 s - a wand of disintegration (22/24)
 D - a wand of polymorph (7/24)
 P - a wand of paralysis (10/24)
Scrolls
 h - 2 scrolls of enchant weapon
 i - 4 scrolls of teleportation
 o - 2 scrolls of amnesia {unknown}
 p - 3 scrolls of noise {unknown}
 v - 6 scrolls of remove curse {unknown}
 x - a scroll of immolation {unknown}
 y - a scroll of random uselessness {unknown}
 A - 2 scrolls of identify
 F - 3 scrolls of enchant armour {unknown}
 G - a scroll of blinking {unknown}
 M - a scroll of vulnerability {unknown}
Potions
 d - 2 potions of might
 f - 3 potions of flight
 g - a potion of invisibility
 k - 6 potions of curing
 l - 3 potions of heal wounds
 u - a potion of agility {unknown}
 w - a potion of lignification {unknown}
 B - a potion of haste {unknown}
Books
 b - a book of Flames

   Spells                             Type                      Level
   a - Flame Tongue                   Conjuration/Fire             1
   b - Throw Flame                    Conjuration/Fire             2
   c - Conjure Flame                  Conjuration/Fire             3
   d - Inner Flame                    Hexes/Fire                   3
   e - Sticky Flame                   Conjuration/Fire             4
   f - Fireball                       Conjuration/Fire             5
 z - a book of Callings

   Spells                             Type                      Level
   a - Summon Small Mammal            Summoning                    1
   b - Call Imp                       Summoning                    2
   c - Call Canine Familiar           Summoning                    3
   d - Summon Guardian Golem          Hexes/Summoning              3
   e - Summon Lightning Spire         Summoning/Air                4
   f - Summon Ice Beast               Ice/Summoning                4
 J - a book of Cantrips

   Spells                             Type                      Level
   a - Confusing Touch                Hexes                        1
   b - Animate Skeleton               Necromancy                   1
   c - Summon Small Mammal            Summoning                    1
   d - Apportation                    Translocation                1
 L - a book of Minor Magic

   Spells                             Type                      Level
   a - Magic Dart                     Conjuration                  1
   b - Blink                          Translocation                2
   c - Call Imp                       Summoning                    2
   d - Slow                           Hexes                        2
   e - Conjure Flame                  Conjuration/Fire             3
   f - Mephitic Cloud                 Conjuration/Poison/Air       3
 N - a book of Maledictions

   Spells                             Type                      Level
   a - Corona                         Hexes                        1
   b - Ensorcelled Hibernation        Hexes/Ice                    2
   c - Confuse                        Hexes                        3
   d - Tukima's Dance                 Hexes                        3
   e - Dazzling Spray                 Conjuration/Hexes            3
Comestibles
 c - 6 bread rations
 n - 3 fruits
 H - 3 royal jellies
 K - 3 meat rations
 Q - 6 chunks of flesh


   Skills:
 + Level 1.0 Fighting
 + Level 0.2 Short Blades
 * Level 2.7 Armour
 + Level 4.2 Dodging
 - Level 2.4 Stealth
 - Level 4.4 Shields
 + Level 10.1 Spellcasting
 + Level 7.8 Conjurations
 + Level 8.7 Fire Magic


You had 15 spell levels left.
You knew the following spells:

 Your Spells              Type           Power        Failure   Level  Hunger
a - Flame Tongue          Conj/Fire      #####        1%          1    None
b - Throw Flame           Conj/Fire      ######       1%          2    None
c - Conjure Flame         Conj/Fire      ######..     1%          3    None
d - Fireball              Conj/Fire      ######....   4%          5    ####...
e - Magic Dart            Conj           ####         1%          1    None
f - Blink                 Tloc           N/A          8%          2    None


Dungeon Overview and Level Annotations

Branches:
Dungeon (8/15)             Temple (1/1) D:6
   Lair: D:8-11

Altars:
Ashenzari
Cheibriados
Dithmenos
Elyvilon
Fedhas
Gozag
Hepliaklqana
Kikubaaqudgha
Makhleb
Nemelex Xobeh
Okawaru
Qazlal
Ru
Sif Muna
Trog
Uskayaw
Vehumet
Wu Jian
Xom
Yredelemnul
Zin
The Shining One

Shops:
D:6 *

Annotations:
D:3 Grinder


Message History

The flame tongue hits the centaur.
The centaur appears unharmed.
The centaur is heavily wounded.
The centaur shoots an arrow.
The arrow barely misses you.
Casting: Flame Tongue
Confirm with . or Enter, or press ? or * to list all spells.
Aiming: Flame Tongue
Press: ? - help, Shift-Dir - straight line, f/p - centaur
Aim: a centaur, wielding a shortbow (heavily wounded)
The flame tongue misses the centaur.
Casting: Flame Tongue
Confirm with . or Enter, or press ? or * to list all spells.
Aiming: Flame Tongue
Press: ? - help, Shift-Dir - straight line, f/p - centaur
Aim: a centaur, wielding a shortbow (heavily wounded)
The flame tongue hits the centaur.
The centaur is almost dead.
The centaur shoots an arrow.
The arrow hits you!
* * * LOW HITPOINT WARNING * * *
The centaur shoots an arrow.
The arrow hits you!
You die...

#### c...#
##################.....#
................@......#
##################.....#
# ....# # #### # .# ..


You could see a centaur.

Vanquished Creatures
  Pikel (D:7)
  Psyche (D:8)
  Prince Ribbit (D:7)
  A spriggan (D:7)
  6 yaks
  An orc warrior (D:7)
  An ice beast (D:5)
  2 sky beasts
  A phantom (D:7)
  3 ogres
  A big kobold (D:7)
  5 bullfrogs
  A gnoll sergeant (D:5)
  A scorpion (D:6)
  2 crimson imps (D:7)
  A bullfrog zombie (D:6)
  A hound (D:5)
  A jelly (D:5)
  Crazy Yiuf (D:5)
  7 orc priests
  6 orc wizards
  A bullfrog skeleton (D:4)
  3 worker ants
  14 mummies (Ossuary)
  3 gnolls (D:5)
  10 adders
  4 adder skeletons
  An adder zombie (D:5)
  2 worms
  A dart slug (D:1)
  4 leopard geckos
  15 orcs
  A ball python (D:4)
  2 giant cockroaches
  11 goblins
  5 hobgoblins
  10 jackals
  5 quokkas
  8 bats
  6 frilled lizards
  2 gnoll skeletons (Ossuary)
  2 goblin skeletons (Ossuary)
  A jackal skeleton (D:5)
  16 kobolds
  3 kobold skeletons (Ossuary)
  An orc skeleton (Ossuary)
  9 rats
  11 rat skeletons (Ossuary)
196 creatures vanquished.

Vanquished Creatures (others)
  2 slaves (D:7)
  An ogre (D:7)
  A jelly (D:7)
  An adder skeleton (D:7)
  A leopard gecko zombie (D:7)
6 creatures vanquished.

Grand Total: 202 creatures vanquished

Notes
Turn   | Place    | Note
-------+----------+-------------------------------------------
     0 | D:1      | nikopol the Deep Elf Fire Elementalist began the quest for the Orb.
     0 | D:1      | Reached XP level 1. HP: 10/10 MP: 6/6
   100 | D:1      | Reached XP level 2. HP: 15/15 MP: 0/8
   354 | D:1      | Learned a level 2 spell: Throw Flame
   680 | D:2      | Reached XP level 3. HP: 19/19 MP: 5/10
  1080 | D:2      | Found a basalt altar of Yredelemnul.
  1279 | D:2      | Reached skill level 4 in Spellcasting
  1279 | D:2      | Reached XP level 4. HP: 24/24 MP: 9/12
  1701 | D:3      | Learned a level 3 spell: Conjure Flame
  2464 | D:3      | Noticed Grinder
  2491 | D:3      | Paralysed by Grinder for 4 turns
  2921 | D:3      | Paralysed by Grinder for 3 turns
  2956 | D:3      | Paralysed by Grinder for 6 turns
  3331 | D:4      | Reached XP level 5. HP: 28/28 MP: 8/13
  3333 | D:4      | Reached skill level 1 in Shields
  3502 | D:3      | Paralysed by Grinder for 3 turns
  3521 | D:3      | Paralysed by Grinder for 6 turns
  3532 | D:3      | Paralysed by Grinder for 3 turns
  3862 | D:4      | Found a stormy altar of Qazlal.
  3877 | D:4      | Found a sand-covered staircase.
  3882 | Ossuary  | Entered an ossuary
  4504 | Ossuary  | Reached skill level 5 in Fire Magic
  4537 | Ossuary  | Reached XP level 6. HP: 32/32 MP: 10/15
  4727 | Ossuary  | Reached skill level 5 in Spellcasting
  5205 | D:4      | Learned a level 5 spell: Fireball
  5704 | D:5      | Entered Level 5 of the Dungeon
  5793 | D:5      | Noticed a sky beast
  5804 | D:5      | Killed a sky beast
  5804 | D:5      | Reached XP level 7. HP: 36/36 MP: 2/17
  5954 | D:5      | Reached skill level 6 in Spellcasting
  6160 | D:5      | Found a basalt altar of Yredelemnul.
  6161 | D:5      | Found a bloodstained altar of Trog.
  6429 | D:5      | Found a runed door.
  6433 | D:5      | Noticed Crazy Yiuf
  6440 | D:5      | Killed Crazy Yiuf
  6764 | D:5      | Found a shattered altar of Ashenzari.
  6764 | D:5      | Found a deep blue altar of Sif Muna.
  6896 | D:5      | Reached skill level 5 in Conjurations
  6996 | D:5      | Reached XP level 8. HP: 41/41 MP: 12/20
  7263 | D:6      | Found a staircase to the Ecumenical Temple.
  7301 | D:5      | Reached skill level 7 in Spellcasting
  7957 | D:5      | Reached skill level 1 in Fighting
  8053 | D:6      | Reached skill level 8 in Spellcasting
  8097 | Temple   | Entered the Ecumenical Temple
  8126 | Temple   | Became a worshipper of Vehumet
  8410 | D:6      | Reached XP level 9. HP: 47/47 MP: 9/23
  8621 | D:6      | Found Ucwumid's Assorted Antiques.
  9059 | D:7      | Learned a level 1 spell: Magic Dart
  9065 | D:7      | Reached skill level 1 in Armour
  9464 | D:7      | Reached skill level 9 in Spellcasting
  9529 | D:7      | Noticed Pikel
  9545 | D:7      | Killed Pikel
  9606 | D:7      | Noticed Prince Ribbit
  9633 | D:7      | Killed Prince Ribbit
  9832 | D:7      | Reached * piety under Vehumet
  9832 | D:7      | Offered knowledge of Sandblast by Vehumet.
  9837 | D:7      | Learned a level 2 spell: Blink
 10256 | D:8      | Noticed Psyche
 10257 | D:8      | Reached XP level 10. HP: 52/52 MP: 23/25
 10266 | D:8      | Killed Psyche
 10266 | D:8      | Reached skill level 10 in Spellcasting
 10382 | D:8      | Shot with an arrow by a centaur

Vault maps used:
D:1:      minmay_arrival_open_corners
D:2:      cheibrodos_helix_gallery, yredelemnul_altar_generic
D:3:      uniq_grinder
D:4:      first_bread, enter_ossuary_2, minmay_misc_feat_hallway,
          grunt_qazlal_sundering
D:5:      gammafunk_temple_overflow_pools, grunt_temple_overflow_open,
          minmay_misc_feat_doors, lightli_minifort, uniq_crazy_yiuf_cottage
D:6:      minmay_temple_entry_purple_smoke, serial_shops, shop_coins
D:7:      the_bakery, uniq_pikel, uniq_prince_ribbit1
D:8:      grunt_lair_entry_orc_guard_hut, enter_bailey_3,
          minmay_strange_pillars, uniq_erica, uniq_psyche
Temple:   regret_index_temple_mists
Ossuary:  ossuary_due_small_catacomb

Skill      XL: |  1  2  3  4  5  6  7  8  9 10 |
---------------+-------------------------------+-----
Fire Magic     | 4 5 6 7 8 |  8.7
Conjurations   | 2 3 4 5 6 7 |  7.8
Spellcasting   | 4 5 6 8 9 10 | 10.1
Shields        | 1 2 3 4 |  4.4
Dodging        | 3 4 |  4.2
Fighting       | 1 |  1.0
Armour         | 2 |  2.7
Short Blades   | |  0.2
Stealth        | |  2.4

Action                   |  1- 3 |  4- 6 |  7- 9 | 10-12 || total
-------------------------+-------+-------+-------+-------++-------
Melee: Dagger            |       |     1 |    32 |     5 ||    38
 Cast: Flame Tongue      |    61 |   173 |   244 |    18 ||   496
       Throw Flame       |       |    39 |    27 |     1 ||    67
       Conjure Flame     |       |     9 |    17 |       ||    26
       Fireball          |       |       |     4 |       ||     4
       Magic Dart        |       |       |    13 |       ||    13
  Use: Scroll            |       |    11 |     3 |       ||    14
 Stab: Sleeping          |       |       |       |     1 ||     1
  Eat: Chunk             |     1 |     6 |    15 |       ||    22
       Fruit             |       |     2 |       |       ||     2
       Bread ration      |       |     1 |       |       ||     1
       Royal jelly       |       |     1 |       |       ||     1
Armor: Robe              |     9 |     9 |    13 |     3 ||    34
Dodge: Dodged            |    16 |    25 |    62 |     4 ||   107
Block: Buckler           |       |     4 |    22 |     3 ||    29
